[Event "Emanuel Lasker Open 2017"]
[Site "Gorzow"]
[Date "2017.06.15"]
[Round "4"]
[White "Voloshin, Leonid"]
[Black "Sabuk, Piotr"]
[Result "1/2-1/2"]
[ECO "D56"]
[WhiteElo "2389"]
[BlackElo "2368"]
[Annotator "NA"]
[PlyCount "30"]
[EventDate "2017.??.??"]
[EventType "swiss"]
[EventCountry "POL"]
[SourceTitle "playchess.com"]
[Source "ChessBase"]
[SourceQuality "1"]
[TimeControl "40/5400+30:1800+30"]

1. d4 d5 2. c4 e6 3. Nc3 Be7 4. Nf3 Nf6 5. Bg5 h6 6. Bh4 O-O 7. e3 Ne4 8. Bxe7 Qxe7 9. Qc2 Nxc3 10. Qxc3 dxc4 11. Bxc4 {[%emt 0:07:07] b} b6 12. Be2 Bb7 {[%emt 0:18:59] LiveBook: 5 Games} 13. O-O c5 14. dxc5 Rc8 15. b4 $11 bxc5 1/2-1/2

[Event "Emanuel Lasker Open 2017"]
[Site "Gorzow"]
[Date "2017.06.15"]
[Round "4"]
[White "Kubicka, Anna"]
[Black "Kucza, Karol"]
[Result "0-1"]
[ECO "D48"]
[WhiteElo "2168"]
[BlackElo "2278"]
[Annotator "NA"]
[PlyCount "46"]
[EventDate "2017.??.??"]
[EventType "swiss"]
[EventCountry "POL"]
[SourceTitle "playchess.com"]
[Source "ChessBase"]
[SourceQuality "1"]
[TimeControl "40/5400+30:1800+30"]

1. d4 d5 2. c4 e6 3. Nc3 c6 4. e3 Nf6 5. Nf3 Nbd7 6. Bd3 dxc4 7. Bxc4 b5 8. Bd3 a6 9. O-O c5 {[%emt 0:00:07] LiveBook: 179 Games} 10. d5 $146 {[%emt 0:01:32] D48: Semi-Slav: Meran System: 7...b5 8 Bd3 a6} ({Predecessor:} 10. a4 b4 11. Ne4 Bb7 12. Nxf6+ Nxf6 13. dxc5 Nd7 14. c6 Bxc6 15. Nd4 Bb7 16. Be2 Bc5 17. Nb3 Be7 18. Bf3 Bxf3 19. Qxf3 O-O 20. Rd1 Ne5 {0-1 (53) Evdokimov,A (2490)-Riazantsev,A (2646) Khanty-Mansiysk 2015}) 10... exd5 11. e4 d4 12. Nd5 Nxd5 13. exd5 Nf6 14. Re1+ Be7 15. Qe2 (15. a4 $11) 15... Ra7 16. Ne5 Qxd5 17. Bxb5+ axb5 18. Qxb5+ Kf8 19. Bg5 h6 20. Nc6 (20. Bxf6 $142 gxf6 21. Qb8) 20... Rb7 21. Qa6 Rc7 (21... Qxg5 $2 22. Nxe7 Rxe7 23. Qxc8+ Ne8 24. Kf1 $19) 22. Nxe7 Bxa6 23. Nxd5 Nxd5 $19 0-1

[Event "Emanuel Lasker Open 2017"]
[Site "Gorzow"]
[Date "2017.06.15"]
[Round "4"]
[White "Lukasiewicz, Krzysztof"]
[Black "Gawronski, Miroslaw"]
[Result "1-0"]
[ECO "B07"]
[WhiteElo "2098"]
[BlackElo "2071"]
[Annotator "NA"]
[PlyCount "53"]
[EventDate "2017.??.??"]
[EventType "swiss"]
[EventCountry "POL"]
[SourceTitle "playchess.com"]
[Source "ChessBase"]
[SourceQuality "1"]
[TimeControl "40/5400+30:1800+30"]

1. e4 d6 2. d4 Nf6 3. Nc3 c6 4. Nf3 Qa5 5. Bd2 Qc7 {[%emt 0:02:06] B07: Pirc Defence: Miscellaneous Systems} 6. Bc4 b5 (6... Bg4 7. O-O e5 8. Be3 Be7 9. h3 Bh5 10. a3 Nbd7 11. Re1 g5 12. g4 Bg6 13. Bxg5 {0-1 (38) Volodin,A (2473)-Zhang,Z (2637) Baku 2016}) 7. Bb3 b4 8. Ne2 $146 ({Predecessor:} 8. Na4 Nxe4 9. Bxb4 d5 10. Ne5 Nd7 11. f4 Ndf6 12. Nc3 Nxc3 13. Bxc3 {0-1 (29) Zapfel,P-Koller,D Schwarzach 2000}) 8... Nxe4 9. Bxb4 a5 10. Ba3 Ba6 11. c3 Nd7 12. O-O e6 13. Re1 Ndf6 14. Nf4 ({Better is} 14. Bc2 $14) 14... g5 15. Nh5 Nxh5 16. Rxe4 Rg8 17. d5 cxd5 18. Qxd5 Bb7 19. Rxe6+ Be7 $2 (19... Kd8 20. Bxd6 Bxd5 21. Bxc7+ Kxc7 22. Bxd5 fxe6 23. Bxa8 Bc5) 20. Qb5+ Bc6 {[%emt 0:03:01] [#]} 21. Rxe7+ $1 Kxe7 22. Qe5+ Kd8 23. Rd1 d5 24. Bd6 Qd7 25. Bxd5 f6 26. Qd4 Re8 27. Qb6+ {[%emt 0:00:27] Rg8 Qd4 Qxd6} 1-0

[Event "Emanuel Lasker Open 2017"]
[Site "Gorzow"]
[Date "2017.06.15"]
[Round "4"]
[White "Chyzy, Jakub"]
[Black "Bartnicki, Pawel"]
[Result "1-0"]
[ECO "B06"]
[WhiteElo "1838"]
[BlackElo "2078"]
[Annotator "NA RC"]
[PlyCount "109"]
[EventDate "2017.??.??"]
[EventType "swiss"]
[EventCountry "POL"]
[SourceTitle "playchess.com"]
[Source "ChessBase"]
[SourceQuality "1"]
[TimeControl "40/5400+30:1800+30"]

1. e4 d6 2. d4 g6 3. Nc3 Bg7 4. Be3 c6 5. Qd2 b5 6. f3 Qc7 {[%emt 0:09:13] B06: Modern Defence} (6... Nd7 7. h4 h5 8. Nh3 Ngf6 9. Ng5 Qc7 10. Ne2 Bb7 11. Nf4 O-O 12. Be2 e5 13. dxe5 Nxe5 14. O-O Rad8 15. Rad1 Rfe8 16. Qc1 {0-1 (94) Panarin,M (2555)-Onischuk,V (2591) Khanty-Mansiysk 2013}) 7. g4 {[%emt 0:03:49] LiveBook: 3 Games} h5 8. gxh5 $146 ({Predecessor:} 8. g5 a5 9. a4 b4 10. Nd1 e6 11. c4 bxc3 12. Nxc3 Na6 13. Bxa6 Bxa6 {0-1 (34) Carlsten,P (2038)-Evertsson,L (2200) Stockholm 2014}) 8... Rxh5 9. Nge2 b4 10. Na4 a5 11. Ng3 Rh8 12. a3 ({White should play} 12. O-O-O $14) 12... Qb7 13. b3 bxa3 14. Rxa3 Qb4 15. Ra2 Nd7 16. Nb2 Qxd2+ 17. Kxd2 Nb6 18. c4 Bh6 19. f4 Nf6 20. Be2 Ng4 21. Bxg4 Bxg4 22. h3 Bf3 23. Rh2 d5 24. c5 Nd7 25. e5 Nxc5 26. dxc5 d4 27. Nc4 dxe3+ 28. Kxe3 Bd1 $2 (28... Bd5 $15 {keeps the upper hand.}) 29. Nxa5 g5 30. Nf5 gxf4+ 31. Ke4 Rc8 32. Rhd2 Bh5 33. Nxc6 f3 34. Nxh6 Rxh6 35. Nd4 f2 36. Rxf2 Rxc5 37. Ra8+ Kd7 38. Ra7+ Rc7 39. Rxc7+ Kxc7 40. Rc2+ Kb6 {[%emt 0:00:48] [#]} (40... Kb7 $11 41. Kd5 Bg6) 41. Kd5 ({White should play} 41. Kf4 $1 $16) 41... Kb7 42. Rc3 Rh8 43. Nc6 Rc8 $2 (43... f6 $14) 44. Na5+ Kb8 45. Rxc8+ Kxc8 46. Nc6 Kd7 47. Nd4 f6 48. e6+ Kc7 49. b4 Kb6 $18 50. h4 Bg4 51. Ke4 Bd1 52. Kf5 Bh5 53. b5 Kc5 54. Nc6 Kd6 55. Nxe7 {Kd5 Ke4+} 1-0